Map: Écho EC

Players

DERASTAT - Winner!

  • Race: Zerg Zerg

AgCl

  • Race: Protoss Protoss

VOD

Have the link to the VOD?

Description

Time

  • Played on: May 5, 2015, 6:46 a.m.
  • Length: 2:05
Show
View Real Time Build Order
Export as new Build Order

DERASTAT Zerg - Winner!

Build Orders: Hatch First 

Get SALT Encoding   

  12  0:02  Drone  
  13  0:14  Overlord  
  13  0:19  Drone  
  14  0:32  Drone x2  
  16  0:36  Drone  
  17  0:54  Hatchery  
  17  0:57  Drone  
  17  0:59  Drone  
  18  1:09  Drone  
  19  1:14  Spawning Pool  
  18  1:20  Drone  
  19  1:31  Drone  
  20  1:43  Overlord  
Show
View Real Time Build Order
Export as new Build Order

AgCl Protoss 

Build Orders:  

Get SALT Encoding   

  12  0:02  Probe  
  13  0:14  Probe  
  14  0:30  Pylon  
  14  0:36  Assimilator  
  14  0:49  Forge  
  14  1:20  Pylon  
  14  1:21  Probe  
  15  1:31  Pylon  
  15  1:52  Gateway  
Tags
 
Add a new tag
Caveats
  • Supply blocks, unpowered buildings, or Contaminate may cause inaccurate times.
  • Supply counts are checked every 10 seconds.